PL
TOLEDO TITANS @ LOUISVILLE BC
08/17/2021
 
TOP OF THE 1ST
Toledo Titans batting - Pitching for Louisville BC : RHP Enrique López
Pitching: RHP Enrique López
Batting: RHB Juan Ramos 0-0: Bunt for hit - play at first, batter safe!
Batting: SHB Mustapha Gonzales 0-0: Called Strike
0-1: Ball
1-1: Ball
2-1: Foul Ball, location: 2F
2-2: Strikes out swinging
Batting: RHB Donald Thompson 0-0: Ball
1-0: Called Strike
1-1: Called Strike
1-2: Grounds into double play, U6-3 (Groundball, 6)
Top of the 1st over - 0 run(s), 1 hit(s), 0 error(s), 0 left on base; Toledo 0 - Louisville 0
BOTTOM OF THE 1ST
Louisville BC batting - Pitching for Toledo Titans : RHP Ryoichi Maruyama
Pitching: RHP Ryoichi Maruyama
Batting: RHB Andrés Rodríguez 0-0: Ball
1-0: Called Strike
1-1: Foul Ball, location: 2F
1-2: Strikes out swinging
Batting: RHB Chi-ju Zhang 0-0: Called Strike
0-1: Ground out 4-3 (Groundball, 4M)
Batting: RHB Robbie Roach 0-0: SINGLE (Line Drive, 9S)
Batting: RHB Jake Collins 0-0: Called Strike
0-1: Ball
1-1: Called Strike
1-2: Ball
2-2: Ball
Robbie Roach is caught stealing 2nd base
Bottom of the 1st over - 0 run(s), 1 hit(s), 0 error(s), 0 left on base; Toledo 0 - Louisville 0
TOP OF THE 2ND
Toledo Titans batting - Pitching for Louisville BC : RHP Enrique López
Batting: RHB Juan Orozco 0-0: SINGLE (Line Drive, 9S)
Batting: LHB Chris West 0-0: Foul Ball, location: 2F
0-1: Ball
1-1: Ball
2-1: SINGLE (Groundball, 6MD)
Juan Orozco to second
Batting: RHB Anthony Johnston 0-0: Foul Ball, location: 2F
0-1: Swinging Strike
0-2: Strikes out swinging
Batting: RHB Sherman Davis 0-0: Called Strike
0-1: Fly out, F8 (Flyball, 8LXD)
Runner from 2nd tags up, SAFE at 3rd, no throw
Batting: LHB Iván Gonzáles 0-0: Ball
1-0: Foul Ball, location: 2F
1-1: Ball
2-1: Foul Ball, location: 2F
2-2: Foul Ball, location: 2F
2-2: Ball
3-2: Foul Ball, location: 2F
3-2: Strikes out swinging
Top of the 2nd over - 0 run(s), 2 hit(s), 0 error(s), 2 left on base; Toledo 0 - Louisville 0
BOTTOM OF THE 2ND
Louisville BC batting - Pitching for Toledo Titans : RHP Ryoichi Maruyama
Batting: RHB Jake Collins 0-0: SINGLE (Line Drive, 78S)
Batting: LHB Tim Hargrove 0-0: Called Strike
0-1: Ball
1-1: Swinging Strike
1-2: Ball
2-2: Ball
3-2: Foul Ball, location: 2F
3-2: Fly out, F5 (Line Drive, 56)
Batting: RHB Yoshio Matsuo 0-0: Grounds into double play, 6-4-3 (Groundball, 56)
Bottom of the 2nd over - 0 run(s), 1 hit(s), 0 error(s), 0 left on base; Toledo 0 - Louisville 0
TOP OF THE 3RD
Toledo Titans batting - Pitching for Louisville BC : RHP Enrique López
Batting: RHB Soseki Matsunaga 0-0: Swinging Strike
0-1: Foul Ball, location: 2F
0-2: Strikes out swinging
Batting: RHB Juan Ramos 0-0: Called Strike
0-1: Foul Ball, location: 2F
0-2: Ball
1-2: Ball
2-2: Ball
3-2: Foul Ball, location: 2F
3-2: SINGLE (Groundball, 6MD)
Batting: SHB Mustapha Gonzales 0-0: Ball
Wild Pitch!
Juan Ramos to second
1-0: Ball
2-0: Ball
3-0: Base on Balls
Batting: RHB Donald Thompson 0-0: Ball
Juan Ramos steals 3rd base
Mustapha Gonzales to second
1-0: Swinging Strike
1-1: Swinging Strike
1-2: Ground out 6-3 (Groundball, 6)
Juan Ramos scores
Mustapha Gonzales to third
Batting: RHB Juan Orozco 0-0: Foul Ball, location: 2F
0-1: Ball
1-1: Foul Ball, location: 2F
1-2: Ball
2-2: Ball
3-2: Strikes out swinging
Top of the 3rd over - 1 run(s), 1 hit(s), 0 error(s), 1 left on base; Toledo 1 - Louisville 0
BOTTOM OF THE 3RD
Louisville BC batting - Pitching for Toledo Titans : RHP Ryoichi Maruyama
Batting: RHB Paul Houston 0-0: Ground out 6-3 (Groundball, 6)
Batting: SHB Jared Jefferson 0-0: SINGLE (Line Drive, 9LS)
Batting: LHB Gregory Johnson 0-0: Ball
1-0: Called Strike
1-1: Fly out, F8 (Flyball, 8RM)
Batting: RHB Andrés Rodríguez 0-0: Ball
1-0: Ball
2-0: Fly out, F9 (Popup, 4D)
Bottom of the 3rd over - 0 run(s), 1 hit(s), 0 error(s), 1 left on base; Toledo 1 - Louisville 0
TOP OF THE 4TH
Toledo Titans batting - Pitching for Louisville BC : RHP Enrique López
Batting: LHB Chris West 0-0: Ball
1-0: Foul Ball, location: 2F
1-1: SINGLE (Line Drive, 9S)
Batting: RHB Anthony Johnston 0-0: Ball
1-0: SINGLE (Flyball, 9LS)
Chris West to second
Throwing error, E9
Chris West scores
Anthony Johnston to second
Batting: RHB Sherman Davis 0-0: Ball
1-0: Called Strike
1-1: Ball
2-1: SINGLE (Groundball, 56D)
Anthony Johnston to third
Runner from 3rd tries for Home, SAFE, throw made home
Sherman Davis to second
Batting: LHB Iván Gonzáles 0-0: Ball
1-0: Fly out, F6 (Popup, 6MD)
Batting: RHB Soseki Matsunaga 0-0: Called Strike
Sherman Davis steals 3rd base
0-1: Foul Ball, location: 2F
0-2: Ball
1-2: Foul Ball, location: 2F
1-2: Ground out 1-3 (Groundball, 13)
Batting: RHB Juan Ramos 0-0: Called Strike
0-1: Fly out, F3 (Popup, 3SF)
Top of the 4th over - 2 run(s), 3 hit(s), 1 error(s), 1 left on base; Toledo 3 - Louisville 0
BOTTOM OF THE 4TH
Louisville BC batting - Pitching for Toledo Titans : RHP Ryoichi Maruyama
Batting: RHB Chi-ju Zhang 0-0: Called Strike
0-1: Ball
1-1: Ball
2-1: SINGLE (Flyball, 8LS)
Batting: RHB Robbie Roach 0-0: Ball
1-0: Called Strike
1-1: Ball
2-1: Called Strike
2-2: Ground out 4-3 (Groundball, 4M)
Chi-ju Zhang to second
Batting: RHB Jake Collins 0-0: Called Strike
Chi-ju Zhang steals 3rd base
0-1: Ball
1-1: Called Strike
1-2: Strikes out looking
Pitching: LHP Walt Johnston
Batting: LHB Tim Hargrove 0-0: Called Strike
0-1: Ball
1-1: Ball
2-1: Ball
3-1: SINGLE (Groundball, 6MD)
Chi-ju Zhang scores
Batting: RHB Yoshio Matsuo 0-0: Ball
1-0: Ball
2-0: Ball
3-0: Base on Balls
Tim Hargrove to second
Batting: RHB Paul Houston 0-0: Called Strike
0-1: Ball
1-1: Foul Ball, location: 2F
1-2: Fly out, F4 (Line Drive, 34)
Bottom of the 4th over - 1 run(s), 2 hit(s), 0 error(s), 2 left on base; Toledo 3 - Louisville 1
TOP OF THE 5TH
Toledo Titans batting - Pitching for Louisville BC : RHP Enrique López
Batting: SHB Mustapha Gonzales 0-0: Called Strike
0-1: Ball
1-1: Ball
2-1: Foul Ball, location: 2F
2-2: Foul Ball, location: 2F
2-2: Foul Ball, location: 2F
2-2: Foul Ball, location: 2F
2-2: Foul Ball, location: 2F
2-2: Ball
3-2: Base on Balls
Batting: RHB Donald Thompson 0-0: Called Strike
0-1: Called Strike
0-2: Ball
1-2: Strikes out swinging
Batting: RHB Juan Orozco 0-0: Called Strike
0-1: Grounds into double play, 4-6-3 (Groundball, 4)
Top of the 5th over - 0 run(s), 0 hit(s), 0 error(s), 0 left on base; Toledo 3 - Louisville 1
BOTTOM OF THE 5TH
Louisville BC batting - Pitching for Toledo Titans : LHP Walt Johnston
Batting: SHB Jared Jefferson 0-0: Called Strike
0-1: Ground out 4-3 (Groundball, 4)
Batting: LHB Gregory Johnson 0-0: Called Strike
0-1: Ball
1-1: Ball
2-1: Ball
3-1: Foul Ball, location: 2F
3-2: Fly out, F8 (Flyball, 8LXD)
Batting: RHB Andrés Rodríguez 0-0: Ball
1-0: Called Strike
1-1: Ball
2-1: Ball
3-1: Base on Balls
Batting: RHB Chi-ju Zhang 0-0: Ball
1-0: Ball
2-0: Called Strike
2-1: Ball
3-1: Foul Ball, location: 2F
3-2: Foul Ball, location: 2F
3-2: SINGLE (Groundball, 4D)
Andrés Rodríguez to second
Andrés Rodríguez to third
Batting: RHB Robbie Roach 0-0: Called Strike
0-1: Ball
1-1: Ball
2-1: Fly out, F6 (Popup, 6MD)
Bottom of the 5th over - 0 run(s), 1 hit(s), 0 error(s), 2 left on base; Toledo 3 - Louisville 1
TOP OF THE 6TH
Toledo Titans batting - Pitching for Louisville BC : RHP Enrique López
Batting: LHB Chris West 0-0: Ground out U3 (Groundball, 3)
Batting: RHB Anthony Johnston 0-0: Called Strike
0-1: Ball
1-1: Called Strike
1-2: Foul Ball, location: 2F
1-2: SINGLE (Line Drive, 78S)
Pitching: RHP Cris Mendoza
Batting: RHB Sherman Davis 0-0: Ball
1-0: Ball
2-0: SINGLE (Line Drive, 56)
Anthony Johnston to second
Batting: LHB Iván Gonzáles 0-0: Ball
1-0: Grounds into double play, 4-6-3 (Groundball, 4)
Top of the 6th over - 0 run(s), 2 hit(s), 0 error(s), 1 left on base; Toledo 3 - Louisville 1
BOTTOM OF THE 6TH
Louisville BC batting - Pitching for Toledo Titans : LHP Walt Johnston
Batting: RHB Jake Collins 0-0: Ball
1-0: Fly out, F7 (Line Drive, 7S)
Batting: LHB Tim Hargrove 0-0: Called Strike
0-1: DOUBLE (Line Drive, 89D)
Batting: RHB Yoshio Matsuo 0-0: Ball
1-0: Ball
2-0: Ball
3-0: Base on Balls
Batting: RHB Paul Houston 0-0: Ball
1-0: Swinging Strike
1-1: Foul Ball, location: 2F
1-2: SINGLE (Groundball, 15S) (infield hit)
Tim Hargrove to third
Yoshio Matsuo to second
Batting: SHB Jared Jefferson 0-0: Ball
1-0: Called Strike
1-1: Ball
2-1: Foul Ball, location: 2F
2-2: Foul Ball, location: 2F
2-2: Strikes out swinging
Batting: LHB Gregory Johnson 0-0: Ball
1-0: Fly out, F9 (Flyball, 89M)
Bottom of the 6th over - 0 run(s), 2 hit(s), 0 error(s), 3 left on base; Toledo 3 - Louisville 1
TOP OF THE 7TH
Toledo Titans batting - Pitching for Louisville BC : RHP Cris Mendoza
Batting: RHB Soseki Matsunaga 0-0: Swinging Strike
0-1: Called Strike
0-2: Strikes out swinging
Batting: RHB Juan Ramos 0-0: Called Strike
0-1: Ball
1-1: Ball
2-1: Swinging Strike
2-2: SINGLE (Line Drive, 56)
Batting: SHB Mustapha Gonzales 0-0: Called Strike
0-1: Ball
1-1: Foul Ball, location: 2F
1-2: Foul Ball, location: 2F
1-2: Ball
2-2: Foul Ball, location: 2F
2-2: Foul Ball, location: 2F
2-2: Foul Ball, location: 2F
2-2: Fly out, F7 (Flyball, 78M)
Batting: RHB Donald Thompson 0-0: Called Strike
Juan Ramos is caught stealing 2nd base
Top of the 7th over - 0 run(s), 1 hit(s), 0 error(s), 0 left on base; Toledo 3 - Louisville 1
BOTTOM OF THE 7TH
Louisville BC batting - Pitching for Toledo Titans : LHP Walt Johnston
Now at 3B: Charles Jordan
Batting: RHB Andrés Rodríguez 0-0: Ball
1-0: Ball
2-0: Foul Ball, location: 2F
2-1: Ball
3-1: Foul Ball, location: 2F
3-2: Foul Ball, location: 2F
3-2: Fly out, F8 (Flyball, 8RD)
Pitching: RHP Angus Barlow
Batting: RHB Chi-ju Zhang 0-0: Ground out 5-3 (Groundball, 5)
Batting: RHB Robbie Roach 0-0: Ball
1-0: Ball
2-0: Ball
3-0: Base on Balls
Batting: RHB Jake Collins 0-0: Called Strike
0-1: Fly out, F9 (Line Drive, 9S)
Bottom of the 7th over - 0 run(s), 0 hit(s), 0 error(s), 1 left on base; Toledo 3 - Louisville 1
TOP OF THE 8TH
Toledo Titans batting - Pitching for Louisville BC : RHP Cris Mendoza
Batting: RHB Donald Thompson 0-0: Ball
1-0: Ball
2-0: Called Strike
2-1: Ball
3-1: Base on Balls
Batting: RHB Juan Orozco 0-0: SINGLE (Line Drive, 56D)
Donald Thompson to second
Batting: LHB Chris West 0-0: Foul Ball, location: 2F
0-1: Swinging Strike
0-2: Ball
1-2: Foul Ball, location: 2F
1-2: Foul Ball, location: 2F
1-2: Ball
2-2: Foul Ball, location: 2F
2-2: Fly out, F9 (Flyball, 8RM)
Batting: RHB Anthony Johnston 0-0: Called Strike
0-1: Grounds into double play, U6-3 (Groundball, 6)
Top of the 8th over - 0 run(s), 1 hit(s), 0 error(s), 1 left on base; Toledo 3 - Louisville 1
BOTTOM OF THE 8TH
Louisville BC batting - Pitching for Toledo Titans : RHP Angus Barlow
Batting: LHB Tim Hargrove 0-0: Ball
1-0: SINGLE (Line Drive, 89S)
Batting: RHB Yoshio Matsuo 0-0: Ball
1-0: Ball
2-0: Ball
3-0: Called Strike
3-1: Base on Balls
Tim Hargrove to second
Batting: RHB Paul Houston 0-0: Sac Bunt - play at first, batter OUT! 3-4
Tim Hargrove to third
Yoshio Matsuo to second
Batting: SHB Jared Jefferson 0-0: Ball
1-0: Swinging Strike
1-1: Called Strike
1-2: Strikes out swinging
Batting: LHB Gregory Johnson 0-0: DOUBLE (Groundball, 3L)
Tim Hargrove scores
Yoshio Matsuo scores
Pitching: RHP Yusuke Saito
Batting: RHB Andrés Rodríguez 0-0: Called Strike
0-1: SINGLE (Groundball, 56)
Gregory Johnson to third
Runner from 3rd tries for Home, SAFE, no throw or cutoff
Batting: RHB Chi-ju Zhang 0-0: Ball
1-0: Called Strike
1-1: Ball
Andrés Rodríguez is caught stealing 2nd base
Bottom of the 8th over - 3 run(s), 3 hit(s), 0 error(s), 0 left on base; Toledo 3 - Louisville 4
TOP OF THE 9TH
Toledo Titans batting - Pitching for Louisville BC : RHP Cris Mendoza
Pitching: LHP Pat Farrell
Now at C: Roberto Guerrero
Now in LF: Leandro Tuzzi
Pinch Hitting: SHB Virgil Eberle 0-0: Hit by Pitch
Batting: RHB Charles Jordan 0-0: Sac Bunt - play at first, batter OUT! U3
Virgil Eberle to second
Batting: RHB Soseki Matsunaga 0-0: Fly out, F9 (Line Drive, 9M)
Batting: RHB Juan Ramos 0-0: Ball
1-0: Called Strike
1-1: Ball
2-1: Ball
3-1: Foul Ball, location: 2F
3-2: Foul Ball, location: 2F
3-2: Base on Balls
Pinch Hitting: RHB Pablo Trujillo 0-0: Called Strike
0-1: Foul Ball, location: 2F
0-2: Ball
1-2: SINGLE (Groundball, 6MD)
Virgil Eberle to third
Juan Ramos to second
Runner from 3rd tries for Home, throw and OUT!
Top of the 9th over - 0 run(s), 1 hit(s), 0 error(s), 2 left on base; Toledo 3 - Louisville 4
This league is powered by Out of the Park Baseball, the baseball management simulation game for PC, Mac and Linux
Friday, January 22nd, 2016 - OOTP Baseball 16.9 Build 39